Map: Polka LE

Players

Karmence

  • Race: Protoss Protoss
  • Spawn Location: 5:00

RaiugaPT

  • Race: Zerg Zerg
  • Spawn Location: 5:00

qqq - Winner!

  • Race: Protoss Protoss
  • Spawn Location: 11:00

Massa - Winner!

  • Race: Terran Terran
  • Spawn Location: 11:00

VOD

Have the link to the VOD?

Description

Time

  • Played on: Oct. 2, 2020, 6:03 p.m.
  • Length: 4:23
Show
View Real Time Build Order
Export as new Build Order

Karmence Protoss 

Build Orders:  

Get SALT Encoding   

  12  0:00  Probe  
  13  0:12  Probe  
  14  0:17  Pylon  
  14  0:24  Probe (Chrono Boost)  
  14  0:28  Assimilator  
  16  0:37  Probe (Chrono Boost)  
  16  0:43  Probe (Chrono Boost)  
  17  0:50  Gateway  
  17  0:52  Probe  
  18  1:04  Probe (Chrono Boost), Assimilator  
  19  1:15  Probe (Chrono Boost)  
  20  1:19  Probe (Chrono Boost)  
  21  1:38  Cybernetics Core  
  21  1:42  Pylon  
  21  1:44  Probe  
  22  2:20  Stargate  
  22  2:28  Stargate  
  22  2:29  Shield Battery  
  22  2:32  Shield Battery  
  22  2:55  Pylon  
  25  3:27  Pylon  
  25  3:29  Pylon  
  25  3:30  Void Ray (Chrono Boost)  
  25  3:33  Pylon  
  25  4:03  Shield Battery  
Show
View Real Time Build Order
Export as new Build Order

RaiugaPT Zerg 

Build Orders: Hatch First 

Get SALT Encoding   

  12  0:02  Drone  
  13  0:13  Overlord  
  13  0:18  Drone  
  14  0:43  Hatchery  
  14  0:45  Drone  
  14  0:50  Drone  
  15  1:00  Extractor  
  14  1:09  Spawning Pool  
  13  1:12  Drone  
  13  1:17  Drone  
  15  1:20  Drone  
  16  1:29  Drone  
  17  1:38  Drone  
  18  1:46  Drone  
  19  1:58  Drone  
  19  1:59  Drone  
  21  2:03  Queen  
  23  2:17  Zergling x6  
  23  2:18  Zergling x2  
  27  2:27  Roach Warren  
  26  2:51  Zergling x6  
  28  3:02  Extractor, Overlord  
  28  3:03  Overlord x2  
  26  3:22  Roach  
  28  3:34  Roach x4  
  32  3:50  Roach  
  34  3:59  Roach  
Show
View Real Time Build Order
Export as new Build Order

qqq Protoss - Winner!

Build Orders: Cannon Rush 

Get SALT Encoding   

  12  0:00  Probe  
  13  0:20  Probe  
  14  0:22  Pylon  
  14  0:32  Probe  
  15  0:42  Forge  
  15  0:46  Probe  
  16  0:58  Probe  
  16  1:01  Pylon  
  17  1:18  Pylon  
  17  1:22  Photon Cannon  
  17  1:32  Pylon  
  17  1:37  Photon Cannon  
  17  1:52  Photon Cannon  
  17  1:56  Photon Cannon  
  17  2:06  Photon Cannon  
  17  2:12  Photon Cannon  
  17  2:19  Pylon  
  17  2:39  Photon Cannon  
  17  2:40  Photon Cannon  
  17  2:52  Photon Cannon  
  17  2:58  Pylon  
  17  3:17  Photon Cannon  
  17  3:42  Nexus  
  17  3:48  Pylon  
  17  3:59  Probe  
  18  4:06  Photon Cannon  
  18  4:19  Pylon  
Show
View Real Time Build Order
Export as new Build Order

Massa Terran - Winner!

Build Orders: 1/1/1 

Get SALT Encoding   

  12  0:00  SCV  
  13  0:13  SCV  
  14  0:24  Supply Depot  
  14  0:25  SCV  
  15  0:31  Refinery  
  15  0:46  SCV  
  16  0:50  Barracks  
  16  0:58  SCV  
  16  1:00  Refinery  
  17  1:10  SCV  
  18  1:22  SCV  
  19  1:34  SCV  
  19  1:38  Barracks Tech Lab  
  19  1:39  Factory  
  20  1:46  SCV  
  21  1:58  SCV  
  21  1:59  Supply Depot  
  22  2:04  Supply Depot  
  22  2:13  Orbital Command  
  22  2:28  Starport  
  22  2:30  Barracks Reactor  
  22  2:33  Siege Tank  
  25  2:39  SCV  
  26  3:05  Siege Tank  
  26  3:08  Marine x2  
  26  3:10  Medivac  
  33  3:26  Marine x2  
  35  3:35  Command Center  
  35  3:40  Medivac  
  37  3:42  SCV  
  37  3:43  Marine  
  39  3:50  Supply Depot  
  39  3:52  Supply Depot  
Tags
 
Add a new tag
Caveats
  • Supply blocks, unpowered buildings, or Contaminate may cause inaccurate times.
  • Supply counts are checked every 10 seconds.